 Dungeon Crawl Stone Soup version 0.31-a0-222-gefeffbb62a (webtiles) character file.

Game seed: 9073573118553449205

38287 qw the Cleaver (level 14, -10/90 HPs)
             Began as a Gargoyle Fighter on July 5, 2023.
             Was an Elder of Okawaru.
             Mangled by a molten gargoyle
             ... wielding a +0 flail
              (13 damage)
             ... on level 5 of the Lair of Beasts.
             The game lasted 00:06:25 (13731 turns).

qw the Cleaver (Gargoyle Fighter)                  Turns: 13731, Time: 00:06:25

Health: -10/90     AC: 32    Str: 24    XL:     14   Next: 1%
Magic:  20/21      EV: 14    Int: 10    God:    Okawaru [****..]
Gold:   599        SH:  6    Dex:  9    Spells: 13/13 levels left

rFire   . . .        m - +2 war axe (heavy)
rCold   . . .        c - +0 buckler
rNeg    + . .        b - +0 plate armour
rPois   inf          k - +0 helmet
rElec   +            (no cloak)
rCorr   .            r - +2 pair of gloves
SInv    +            (no boots)
Will    +....        g - amulet of faith Stlth
                     q - ring of see invisible
HPRegen 0.35/turn    n - +5 ring of evasion
MPRegen 0.17/turn

%: faith
@: about to teleport, heroic, flying
A: sickness immunity, AC +10, big wings, negative energy resistance 1,
electricity resistance, torment resistance 1, petrification resistance
a: Renounce Religion, Heroism, Finesse


You were on level 5 of the Lair of Beasts.
You worshipped Okawaru.
Okawaru was greatly pleased with you.
You visited 3 branches of the dungeon, and saw 14 of its levels.

You collected 729 gold pieces.
You spent 130 gold pieces at shops.


Innate Abilities, Weirdness & Mutations

You are immune to sickness and miasma.
Your stone body is resilient. (AC +10)
You are immune to poison.
Your large and strong wings let you fly.
You resist negative energy. (rN+)
You are resistant to electric shocks. (rElec)
You are resistant to unholy torment.
You are immune to petrification.


   Skills:
 - Level 11.1(16.1) Fighting
 + Level 14.8(19.8) Axes
 - Level 4.0(9.0) Throwing
 - Level 10.0(15.0) Armour
 - Level 2.7(7.7) Dodging
 - Level 7.0(12.0) Shields
 - Level 10.1 Invocations


You had 13 spell levels left.
You didn't know any spells.
Your spell library was empty.

Inventory:

Hand Weapons
 a - a +0 flail
 m - a +2 heavy war axe (weapon)
 v - the +7 hand axe "Ogreslayer" {drain, rF+ rC+ MP+9, mikee}
   (You found it on level 5 of the Lair of Beasts)

   rF:        It protects you from fire.
   rC:        It protects you from cold.
   MP:        It affects your magic capacity (+9).
Missiles
 p - 2 boomerangs (quivered)
Armour
 b - a +0 plate armour (worn)
 c - a +0 buckler (worn)
 k - a +0 helmet (worn)
 r - a +2 pair of gloves (worn)
 s - the +8 tower shield of Jiewadi {+Inv rElec Int+5 Stlth+}
   (Okawaru gifted it to you on level 5 of the Lair of Beasts)

   Int:       It affects your intelligence (+5).
   rElec:     It insulates you from electricity.
   +Inv:      It lets you turn invisible.
   Stlth:     It makes you more stealthy.
 x - a +0 pair of boots
Jewellery
 g - an amulet of faith (around neck)
 n - a +5 ring of evasion (right hand)
 q - a ring of see invisible (left hand)
 u - an amulet of regeneration
 Y - a ring of willpower
Scrolls
 o - 3 scrolls of identify
 w - a scroll of amnesia {unknown}
Potions
 d - 4 potions of might
 e - 3 potions of curing
 f - a potion of attraction
 h - 2 potions of heal wounds
 i - 3 potions of cancellation
 j - 2 potions of enlightenment
 t - a potion of haste

Dungeon Overview and Level Annotations

Branches:
Dungeon (8/15)             Temple (1/1) D:7            Lair (5/5) D:8
  Swamp (0/4) Lair:2        Snake (0/4) Lair:2        Slime (0/5) Lair:4

Altars:
Cheibriados
Dithmenos
Elyvilon
Fedhas
Gozag
Hepliaklqana
Kikubaaqudgha
Makhleb
Nemelex Xobeh
Okawaru
Qazlal
Ru
Sif Muna
Trog
Uskayaw
Vehumet
Wu Jian
Xom
Yredelemnul
Zin
The Shining One

Shops:
D:5 [

Annotations:
Lair:4 2 transporters, qw's ghost, journeyman DEHu
Lair:5 2 runed translucent doors


Message History

The molten gargoyle blasts magma at you!
The bolt of magma misses you.
Enter note:
Enter note:
Enter note:
Enter note:
Enter note:
Enter note:
Enter note:
Enter note:
Enter note: You hit the molten gargoyle.
The molten gargoyle is lightly damaged.
The molten gargoyle hits you with a +0 flail!
You are engulfed in flames!
Enter note:
Enter note:
Enter note:
Enter note:
Enter note:
Enter note:
Enter note:
Enter note:
Enter note: You barely miss the molten gargoyle.
The molten gargoyle is lightly damaged.
The molten gargoyle hits you but does no damage.
You hit the molten gargoyle but do no damage.
The molten gargoyle is lightly damaged.
You block the molten gargoyle's attack.
You closely miss the molten gargoyle.
The molten gargoyle is lightly damaged.
The molten gargoyle hits you with a +0 flail!
You are engulfed in flames!
13731 ||| READING scroll of teleportation.
As you read the scroll of teleportation, it crumbles to dust.
You feel strangely unstable.
The molten gargoyle hits you with a +0 flail.
You are engulfed in flames!
You die...

~~~ 8#8#.... #~~#
#......
#~~##8......
##~~¤......#
#~~~~#.....#
#~~~~#..¤¤.~
##~##.%9#
##~~#...@###¤~¤
##~¤.%##~~~~~~~¤¤
#8~¤...#~~######¤
##¤~..¤¤~## ..#
##~~...~¤~# ..#
#8~¤..¤¤¤~# .+
##~....~¤¤# +
#8~....~~~#
##~~¤¤..~~## .


You could see a molten gargoyle.

Vanquished Creatures
  7 hydras
  A boulder beetle (Lair:3)
  10 death yaks
  2 lindwurms
  4 elephants (Lair:5)
  6 black mambas
  11 cane toads
  2 rime drakes (Lair:4)
  A torpor snail (Lair:2)
  5 komodo dragons
  2 hornets (D:8)
  3 polar bears
  11 blink frogs
  11 dream sheep
  5 wyverns
  31 yaks
  5 steam dragons
  6 basilisks
  2 acid dragons
  16 water moccasins
  4 hell hounds (Lair:5)
  A swamp drake (Lair:2)
  An orc warrior (D:8)
  A sky beast (D:7)
  2 black bears
  10 wolves
  An ogre (D:6)
  A centaur (D:6)
  2 phantoms
  16 bullfrogs
  2 scorpions
  A gnoll sergeant (D:7)
  4 killer bees (D:8)
  3 electric eels (D:7)
  2 howler monkeys
  5 jellies
  2 lava snakes (Lair:5)
  2 hounds
  2 gnoll boudas
  7 orc priests
  2 sleepcaps
  7 orc wizards
  4 iguanas
  Robin (D:3)
  11 gnolls
  5 adders
  A shadow imp (D:8)
  A white imp (D:7)
  2 ufetubi
  2 worms
  2 dart slugs (D:1)
  31 orcs
  3 endoplasms
  2 giant cockroaches (D:1)
  15 goblins
  10 hobgoblins
  7 jackals
  4 quokkas
  6 ball pythons
  5 bats
  5 frilled lizards
  12 kobolds
  4 rats
  A spectral goblin (D:4)
353 creatures vanquished.

Vanquished Creatures (others)
  2 yaks (Lair:2)
2 creatures vanquished.

Grand Total: 355 creatures vanquished

Notes
Turn   | Place    | Note
-------+----------+-------------------------------------------
     0 | D:1      | qw the Gargoyle Fighter began the quest for the Orb.
     0 | D:1      | Reached XP level 1. HP: 14/14 MP: 1/1
     0 | D:1      | 0 ||| qw: Version: 0.3-a-46-gb1f654a
     0 | D:1      | 0 ||| qw: Game counter: 1072
     0 | D:1      | 0 ||| qw: Melee chars always use a shield: true
     0 | D:1      | 0 ||| qw: God list: Okawaru
     0 | D:1      | 0 ||| qw: Allow faded altars: false
     0 | D:1      | 0 ||| qw: Do Orc after clearing Dungeon:15 true
     0 | D:1      | 0 ||| qw: Do second Lair branch before Depths: true
     0 | D:1      | 0 ||| qw: Lair rune preference: random
     0 | D:1      | 0 ||| qw: Goals: Normal, Zot:1-4, Slime:5, God:TSO, Crypt,
                  | Tomb, Abyss, Pan, Hells, Win
     0 | D:1      | 0 ||| PLANNING D:1-11
    59 | D:1      | 59 ||| Stepping ~*~*~tactically~*~*~ (hiding).
    67 | D:1      | Reached skill level 2 in Axes
    83 | D:1      | 83 ||| Stepping ~*~*~tactically~*~*~ (stealth).
   113 | D:1      | Reached XP level 2. HP: 19/19 MP: 2/2
   306 | D:1      | 306 ||| FLEEEEING.
   307 | D:1      | 307 ||| FLEEEEING.
   308 | D:1      | 308 ||| FLEEEEING.
   309 | D:1      | 309 ||| FLEEEEING.
   505 | D:1      | Reached skill level 3 in Axes
   538 | D:1      | Reached XP level 3. HP: 20/23 MP: 3/3
   754 | D:1      | 754 ||| READING scroll labelled HUORHE CEUPTEM.
   755 | D:1      | 755 ||| READING scroll labelled LOPYICVETAR.
   756 | D:1      | 756 ||| READING scroll labelled SUXTAMEFIRGH.
   757 | D:1      | 757 ||| READING scroll labelled DEODWUEHACAU.
   762 | D:1      | 762 ||| READING 3 scrolls labelled QULIPEGEST.
   763 | D:1      | 763 ||| DROPPING 2 scrolls of revelation.
   879 | D:2      | 879 ||| Stepping ~*~*~tactically~*~*~ (hiding).
   880 | D:2      | 880 ||| Stepping ~*~*~tactically~*~*~ (hiding).
  1209 | D:2      | 1209 ||| Stepping ~*~*~tactically~*~*~ (hiding).
  1372 | D:2      | 1372 ||| Stepping ~*~*~tactically~*~*~ (stealth).
  1373 | D:2      | 1373 ||| Stepping ~*~*~tactically~*~*~ (stealth).
  1659 | D:2      | Reached XP level 4. HP: 28/28 MP: 4/4
  2013 | D:2      | 2013 ||| UPGRADING to amulet of faith.
  2018 | D:2      | 2018 ||| READING scroll labelled MAUNOU UWUASIRR.
  2019 | D:2      | 2019 ||| DRINKING 4 clear potions.
  2020 | D:2      | 2020 ||| DRINKING 2 orange potions.
  2052 | D:3      | Found a faded altar of an unknown god.
  2092 | D:3      | 2092 ||| DROPPING +0 club.
  2096 | D:3      | Reached skill level 1 in Throwing
  2205 | D:3      | 2205 ||| Stepping ~*~*~tactically~*~*~ (hiding).
  2210 | D:3      | 2210 ||| Stepping ~*~*~tactically~*~*~ (hiding).
  2211 | D:3      | 2211 ||| Stepping ~*~*~tactically~*~*~ (hiding).
  2216 | D:3      | Reached skill level 4 in Axes
  2217 | D:3      | Reached XP level 5. HP: 29/32 MP: 5/5
  2251 | D:3      | Noticed Robin
  2259 | D:3      | Killed Robin
  2328 | D:3      | Reached skill level 5 in Axes
  2524 | D:3      | Reached XP level 6. HP: 38/38 MP: 6/6
  2778 | D:3      | 2778 ||| UPGRADING to +0 helmet.
  2783 | D:3      | 2783 ||| UPGRADING to ring of willpower.
  2784 | D:3      | 2784 ||| READING 2 scrolls labelled NIPAUXK ZO ISAU.
  2785 | D:3      | 2785 ||| READING scroll labelled MOVEPE JUCEWK.
  2786 | D:3      | 2786 ||| DRINKING 2 fizzy inky potions.
  2787 | D:3      | 2787 ||| DROPPING scroll of vulnerability.
  2796 | D:4      | Found an ancient bone altar of Kikubaaqudgha.
  2866 | D:4      | HP: 6/38 [orc priest/divine providence (11)]
  2867 | D:4      | 2867 ||| DRINKING potion of heal wounds.
  2871 | D:4      | Reached skill level 1 in Dodging
  2965 | D:4      | 2965 ||| Stepping ~*~*~tactically~*~*~ (hiding).
  3151 | D:4      | Found a hazy altar of Hepliaklqana.
  3284 | D:4      | 3284 ||| Stepping ~*~*~tactically~*~*~ (hiding).
  3291 | D:4      | Reached XP level 7. HP: 27/43 MP: 7/7
  3431 | D:4      | Reached skill level 6 in Axes
  3606 | D:4      | Found a hide-covered altar of Uskayaw.
  3606 | D:4      | Found a glowing golden altar of the Shining One.
  3721 | D:4      | 3721 ||| UPGRADING to +0 chain mail.
  3731 | D:4      | 3731 ||| DROPPING +0 scale mail.
  3732 | D:4      | 3732 ||| UPGRADING to +5 ring of evasion.
  3759 | D:5      | Entered Level 5 of the Dungeon
  3796 | D:5      | 3796 ||| Stepping ~*~*~tactically~*~*~ (hiding).
  3798 | D:5      | 3798 ||| Stepping ~*~*~tactically~*~*~ (hiding).
  4223 | D:5      | Found Faiquh's Antique Armour Emporium.
  4226 | D:5      | 4226 ||| BUYING pair of gloves (130 gold).
  4226 | D:5      | Bought a pair of gloves for 130 gold pieces
  4226 | D:5      | 4226 ||| SHOPLISTING shiny plate armour (754 gold, have 2).
  4291 | D:5      | 4291 ||| Stepping ~*~*~tactically~*~*~ (stealth).
  4298 | D:5      | Reached skill level 7 in Axes
  4336 | D:5      | Found a sparkling altar of Nemelex Xobeh.
  4531 | D:5      | 4531 ||| UPGRADING to +0 pair of gloves.
  4536 | D:5      | 4536 ||| READING scroll labelled VOYNNE ANETZOC.
  4545 | D:6      | 4545 ||| STAIRDANCE
  4603 | D:6      | Reached XP level 8. HP: 41/49 MP: 8/8
  4758 | D:6      | Found a glowing silver altar of Zin.
  4820 | D:6      | 4820 ||| FLEEEEING.
  4914 | D:6      | 4914 ||| Stepping ~*~*~tactically~*~*~ (hiding).
  4915 | D:6      | 4915 ||| Stepping ~*~*~tactically~*~*~ (hiding).
  4930 | D:6      | 4930 ||| Stepping ~*~*~tactically~*~*~ (stealth).
  4979 | D:6      | 4979 ||| Stepping ~*~*~tactically~*~*~ (stealth).
  4984 | D:6      | 4984 ||| Stepping ~*~*~tactically~*~*~ (stealth).
  5038 | D:6      | Reached skill level 8 in Axes
  5306 | D:6      | 5306 ||| READING scroll labelled ELELOQEKHLO.
  5340 | D:6      | 5340 ||| READING 2 scrolls labelled FUOSIAL MOTH.
  5341 | D:6      | 5341 ||| READING scroll of enchant armour.
  5341 | D:6      | 5341 ||| ENCHANTING +0 pair of gloves.
  5342 | D:6      | 5342 ||| DRINKING 3 viscous golden potions.
  5343 | D:6      | 5343 ||| DRINKING 3 potions of curing.
  5343 | D:6      | 5343 ||| (to cure confusion)
  5344 | D:6      | 5344 ||| DRINKING 3 fuming white potions.
  5345 | D:6      | 5345 ||| DRINKING 2 fizzy dark potions.
  5346 | D:6      | 5346 ||| DROPPING 2 potions of ambrosia.
  5347 | D:6      | 5347 ||| DROPPING potion of invisibility.
  5369 | D:7      | Found a shimmering altar of Xom.
  5369 | D:7      | Found a shimmering altar of Xom.
  5369 | D:7      | Found a shimmering altar of Xom.
  5369 | D:7      | Found a shimmering altar of Xom.
  5369 | D:7      | Found a shimmering altar of Xom.
  5372 | D:7      | Reached skill level 6 in Fighting
  5374 | D:7      | Found a shimmering altar of Xom.
  5374 | D:7      | Found a shimmering altar of Xom.
  5396 | D:7      | Identified the +9 great mace of Distant Worlds {vamp, rC+
                  | rN+ Will+}
  5437 | D:7      | 5437 ||| Stepping ~*~*~tactically~*~*~ (stealth).
  5442 | D:7      | 5442 ||| Stepping ~*~*~tactically~*~*~ (stealth).
  5513 | D:7      | Reached XP level 9. HP: 54/56 MP: 9/9
  5521 | D:7      | 5521 ||| Stepping ~*~*~tactically~*~*~ (stealth).
  5737 | D:7      | 5737 ||| Stepping ~*~*~tactically~*~*~ (hiding).
  5856 | D:7      | Found a staircase to the Ecumenical Temple.
  5857 | D:7      | 5857 ||| PLANNING TEMPLE
  5857 | D:7      | 5857 ||| READING scroll labelled COCEIPP OJEGIO.
  5863 | Temple   | Entered the Ecumenical Temple
  5887 | Temple   | 5887 ||| PLANNING OKAWARU WORSHIP
  5936 | Temple   | Became a worshipper of Warmaster Okawaru
  5937 | Temple   | 5937 ||| PLANNING D:1-11
  6339 | D:7      | 6339 ||| UPGRADING to +0 plate armour.
  6349 | D:7      | 6349 ||| DROPPING +0 chain mail.
  6371 | D:8      | Reached skill level 9 in Axes
  6371 | D:8      | Reached * piety under Okawaru
  6372 | D:8      | 6372 ||| INVOKING Heroism.
  6377 | D:8      | Reached skill level 6 in Armour
  6377 | D:8      | Reached skill level 1 in Invocations
  6516 | D:8      | 6516 ||| READING scroll of enchant weapon.
  6516 | D:8      | 6516 ||| ENCHANTING +1 heavy war axe.
  6536 | D:8      | 6536 ||| INVOKING Heroism.
  6577 | D:8      | Noticed a hornet
  6582 | D:8      | Killed a hornet
  6687 | D:8      | 6687 ||| Stepping ~*~*~tactically~*~*~ (hiding).
  6689 | D:8      | 6689 ||| Stepping ~*~*~tactically~*~*~ (hiding).
  6692 | D:8      | 6692 ||| INVOKING Heroism.
  6696 | D:8      | Reached skill level 3 in Invocations
  6696 | D:8      | 6696 ||| Stepping ~*~*~tactically~*~*~ (hiding).
  6704 | D:8      | 6704 ||| INVOKING Heroism.
  6750 | D:8      | 6750 ||| Stepping ~*~*~tactically~*~*~ (hiding).
  6753 | D:8      | 6753 ||| INVOKING Heroism.
  6774 | D:8      | 6774 ||| Stepping ~*~*~tactically~*~*~ (stealth).
  6784 | D:8      | 6784 ||| INVOKING Heroism.
  6858 | D:8      | 6858 ||| Stepping ~*~*~tactically~*~*~ (stealth).
  6928 | D:8      | Reached XP level 10. HP: 63/63 MP: 13/13
  7053 | D:8      | 7053 ||| INVOKING Heroism.
  7061 | D:8      | Reached ** piety under Okawaru
  7080 | D:8      | Found a staircase to the Lair.
  7136 | D:8      | Reached skill level 10 in Axes
  7282 | D:8      | 7282 ||| INVOKING Heroism.
  7284 | D:8      | 7284 ||| Stepping ~*~*~tactically~*~*~ (cloud).
  7291 | D:8      | 7291 ||| Stepping ~*~*~tactically~*~*~ (cloud).
  7880 | D:8      | 7880 ||| PLANNING LAIR
  7880 | D:8      | 7880 ||| READING scroll labelled LAGGIY ADUOC.
  7881 | D:8      | 7881 ||| READING 3 scrolls of identify.
  7881 | D:8      | 7881 ||| IDENTIFYING fuming black potion
  7923 | Lair:1   | Entered Level 1 of the Lair of Beasts
  7923 | Lair:1   | Noticed a black mamba
  7924 | Lair:1   | 7924 ||| INVOKING Heroism.
  7927 | Lair:1   | Killed a black mamba
  7930 | Lair:1   | Reached *** piety under Okawaru
  7997 | Lair:1   | 7997 ||| Stepping ~*~*~tactically~*~*~ (stealth).
  7999 | Lair:1   | 7999 ||| INVOKING Heroism.
  8002 | Lair:1   | 8002 ||| Stepping ~*~*~tactically~*~*~ (stealth).
  8024 | Lair:1   | Reached **** piety under Okawaru
  8026 | Lair:1   | 8026 ||| INVOKING Heroism.
  8037 | Lair:1   | 8037 ||| INVOKING Heroism.
  8145 | Lair:1   | Reached skill level 11 in Axes
  8145 | Lair:1   | Reached XP level 11. HP: 68/68 MP: 14/14
  8153 | Lair:1   | 8153 ||| Stepping ~*~*~tactically~*~*~ (hiding).
  8156 | Lair:1   | 8156 ||| Stepping ~*~*~tactically~*~*~ (hiding).
  8219 | Lair:1   | 8219 ||| Stepping ~*~*~tactically~*~*~ (stealth).
  8221 | Lair:1   | 8221 ||| Stepping ~*~*~tactically~*~*~ (stealth).
  8344 | Lair:1   | 8344 ||| INVOKING Heroism.
  8350 | Lair:1   | Received a gift from Okawaru
  8358 | Lair:1   | Reached skill level 6 in Invocations
  8399 | Lair:1   | 8399 ||| READING scroll of enchant armour.
  8399 | Lair:1   | 8399 ||| ENCHANTING +1 pair of gloves.
  8416 | Lair:1   | 8416 ||| Stepping ~*~*~tactically~*~*~ (hiding).
  8417 | Lair:1   | 8417 ||| Stepping ~*~*~tactically~*~*~ (hiding).
  8418 | Lair:1   | 8418 ||| Stepping ~*~*~tactically~*~*~ (hiding).
  8419 | Lair:1   | 8419 ||| Stepping ~*~*~tactically~*~*~ (hiding).
  8424 | Lair:1   | Reached ***** piety under Okawaru
  8448 | Lair:1   | 8448 ||| INVOKING Heroism.
  8457 | Lair:1   | Reached skill level 9 in Fighting
  8817 | Lair:1   | 8817 ||| UPGRADING to ring of see invisible.
  8825 | Lair:2   | 8825 ||| Stepping ~*~*~tactically~*~*~ (stealth).
  8826 | Lair:2   | 8826 ||| Stepping ~*~*~tactically~*~*~ (stealth).
  8830 | Lair:2   | 8830 ||| Stepping ~*~*~tactically~*~*~ (stealth).
  8832 | Lair:2   | 8832 ||| Stepping ~*~*~tactically~*~*~ (stealth).
  8836 | Lair:2   | 8836 ||| Stepping ~*~*~tactically~*~*~ (stealth).
  8842 | Lair:2   | 8842 ||| INVOKING Heroism.
  8845 | Lair:2   | Received a gift from Okawaru
  8862 | Lair:2   | Identified the +0 steam dragon scales of the Dozen Stories
                  | {SInv} (Okawaru gifted it to you on level 2 of the Lair of
                  | Beasts)
  8862 | Lair:2   | Received a gift from Okawaru
  8976 | Lair:2   | 8976 ||| Stepping ~*~*~tactically~*~*~ (stealth).
  9080 | Lair:2   | Found a staircase to the Snake Pit.
  9084 | Lair:2   | 9084 ||| Stepping ~*~*~tactically~*~*~ (stealth).
  9085 | Lair:2   | 9085 ||| INVOKING Heroism.
  9090 | Lair:2   | Reached skill level 3 in Throwing
  9095 | Lair:2   | 9095 ||| Stepping ~*~*~tactically~*~*~ (stealth).
  9181 | Lair:2   | 9181 ||| INVOKING Heroism.
  9303 | Lair:2   | 9303 ||| Stepping ~*~*~tactically~*~*~ (stealth).
  9304 | Lair:2   | 9304 ||| Stepping ~*~*~tactically~*~*~ (stealth).
  9323 | Lair:2   | Reached skill level 9 in Invocations
  9347 | Lair:2   | Found a staircase to the Swamp.
  9543 | Lair:2   | 9543 ||| INVOKING Heroism.
  9547 | Lair:2   | Reached XP level 12. HP: 76/76 MP: 15/18
  9602 | Lair:2   | 9602 ||| INVOKING Heroism.
  9904 | Lair:2   | 9904 ||| Stepping ~*~*~tactically~*~*~ (stealth).
  9929 | Lair:3   | 9929 ||| INVOKING Heroism.
  9930 | Lair:3   | Noticed a four-headed hydra
  9931 | Lair:3   | 9931 ||| Stepping ~*~*~tactically~*~*~ (stealth).
  9948 | Lair:3   | 9948 ||| SWAPPING to +0 flail.
  9960 | Lair:3   | Killed a four-headed hydra
  9961 | Lair:3   | 9961 ||| SWAPPING to +2 heavy war axe.
  9981 | Lair:3   | Noticed a four-headed hydra
  9982 | Lair:3   | 9982 ||| STAIRDANCE
 10076 | Lair:3   | 10076 ||| STAIRDANCE
 10078 | Lair:2   | 10078 ||| SWAPPING to +0 flail.
 10079 | Lair:2   | 10079 ||| INVOKING Heroism.
 10090 | Lair:2   | HP: 15/76 [four-headed hydra (7)]
 10091 | Lair:2   | 10091 ||| READING scroll of teleportation.
 10091 | Lair:2   | HP: 2/76 [four-headed hydra (12)]
 10092 | Lair:2   | 10092 ||| DRINKING 3 potions of heal wounds.
 10094 | Lair:2   | 10094 ||| DRINKING 2 potions of heal wounds.
 10097 | Lair:2   | 10097 ||| FLEEEEING.
 10098 | Lair:2   | 10098 ||| FLEEEEING.
 10099 | Lair:2   | 10099 ||| FLEEEEING.
 10100 | Lair:2   | 10100 ||| FLEEEEING.
 10101 | Lair:2   | 10101 ||| FLEEEEING.
 10102 | Lair:2   | 10102 ||| FLEEEEING.
 10103 | Lair:2   | 10103 ||| FLEEEEING.
 10104 | Lair:2   | 10104 ||| FLEEEEING.
 10105 | Lair:2   | 10105 ||| FLEEEEING.
 10107 | Lair:2   | 10107 ||| FLEEEEING.
 10108 | Lair:2   | 10108 ||| FLEEEEING.
 10109 | Lair:2   | 10109 ||| FLEEEEING.
 10112 | Lair:2   | 10112 ||| FLEEEEING.
 10113 | Lair:2   | 10113 ||| FLEEEEING.
 10114 | Lair:2   | 10114 ||| FLEEEEING.
 10115 | Lair:2   | 10115 ||| FLEEEEING.
 10116 | Lair:2   | 10116 ||| FLEEEEING.
 10117 | Lair:2   | 10117 ||| FLEEEEING.
 10118 | Lair:2   | 10118 ||| FLEEEEING.
 10120 | Lair:2   | 10120 ||| SWAPPING to +2 heavy war axe.
 10121 | Lair:2   | 10121 ||| SWAPPING to +0 flail.
 10124 | Lair:2   | 10124 ||| INVOKING Heroism.
 10126 | Lair:2   | Killed a four-headed hydra
 10127 | Lair:2   | Reached skill level 12 in Axes
 10128 | Lair:2   | 10128 ||| SWAPPING to +2 heavy war axe.
 10305 | Lair:3   | Noticed an eight-headed hydra
 10306 | Lair:3   | 10306 ||| INVOKING Heroism.
 10310 | Lair:3   | 10310 ||| SWAPPING to +0 flail.
 10320 | Lair:3   | Killed an eight-headed hydra
 10321 | Lair:3   | 10321 ||| SWAPPING to +2 heavy war axe.
 10519 | Lair:3   | Noticed a four-headed hydra
 10520 | Lair:3   | 10520 ||| INVOKING Heroism.
 10521 | Lair:3   | 10521 ||| SWAPPING to +0 flail.
 10530 | Lair:3   | Killed a four-headed hydra
 10531 | Lair:3   | 10531 ||| SWAPPING to +2 heavy war axe.
 10564 | Lair:3   | 10564 ||| Stepping ~*~*~tactically~*~*~ (stealth).
 10569 | Lair:3   | 10569 ||| Stepping ~*~*~tactically~*~*~ (stealth).
 10572 | Lair:3   | 10572 ||| Stepping ~*~*~tactically~*~*~ (stealth).
 10575 | Lair:3   | Reached skill level 6 in Shields
 10627 | Lair:3   | Reached skill level 9 in Armour
 10671 | Lair:3   | Noticed a boulder beetle
 10672 | Lair:3   | 10672 ||| INVOKING Heroism.
 10684 | Lair:3   | Killed a boulder beetle
 10684 | Lair:3   | Received a gift from Okawaru
 10937 | Lair:3   | Identified the +9 ring mail of Fesil {rElec}
 11003 | Lair:3   | 11003 ||| INVOKING Heroism.
 11150 | Lair:3   | 11150 ||| Stepping ~*~*~tactically~*~*~ (stealth).
 11354 | Lair:3   | 11354 ||| INVOKING Heroism.
 11393 | Lair:3   | 11393 ||| READING 2 scrolls of identify.
 11393 | Lair:3   | 11393 ||| IDENTIFYING fuming brown potion
 11394 | Lair:3   | 11394 ||| DROPPING potion of brilliance.
 11470 | Lair:4   | Noticed a death yak
 11471 | Lair:4   | 11471 ||| INVOKING Heroism.
 11471 | Lair:4   | Noticed a death yak
 11472 | Lair:4   | Noticed a death yak
 11474 | Lair:4   | Noticed a death yak
 11480 | Lair:4   | Killed a death yak
 11481 | Lair:4   | Killed a death yak
 11481 | Lair:4   | Received a gift from Okawaru
 11482 | Lair:4   | 11482 ||| INVOKING Finesse.
 11485 | Lair:4   | Killed a death yak
 11490 | Lair:4   | Killed a death yak
 11491 | Lair:4   | Reached skill level 13 in Axes
 11491 | Lair:4   | Reached XP level 13. HP: 51/82 MP: 14/20
 11500 | Lair:4   | 11500 ||| INVOKING Heroism.
 11521 | Lair:4   | HP: 16/82 [rime drake/icy flash freeze (12)]
 11522 | Lair:4   | 11522 ||| READING 2 scrolls of teleportation.
 11523 | Lair:4   | 11523 ||| DRINKING 2 potions of heal wounds.
 11567 | Lair:4   | 11567 ||| FLEEEEING.
 11568 | Lair:4   | 11568 ||| FLEEEEING.
 11569 | Lair:4   | 11569 ||| FLEEEEING.
 11570 | Lair:4   | 11570 ||| FLEEEEING.
 11571 | Lair:4   | 11571 ||| FLEEEEING.
 11676 | Lair:4   | Found a transporter.
 11678 | Lair:4   | Found a transporter.
 11680 | Lair:4   | Noticed qw's ghost (journeyman DEHu)
 11709 | Lair:4   | 11709 ||| INVOKING Heroism.
 12049 | Lair:4   | Found a bloodstained altar of Trog.
 12226 | Lair:4   | 12226 ||| FLEEEEING.
 12227 | Lair:4   | 12227 ||| FLEEEEING.
 12228 | Lair:4   | 12228 ||| FLEEEEING.
 12229 | Lair:4   | 12229 ||| FLEEEEING.
 12230 | Lair:4   | 12230 ||| FLEEEEING.
 12231 | Lair:4   | 12231 ||| FLEEEEING.
 12232 | Lair:4   | 12232 ||| FLEEEEING.
 12233 | Lair:4   | 12233 ||| STAIRDANCE
 12276 | Lair:3   | 12276 ||| READING 3 scrolls of identify.
 12276 | Lair:3   | 12276 ||| IDENTIFYING dark potion
 12288 | Lair:4   | Found a staircase to the Slime Pits.
 12356 | Lair:4   | 12356 ||| INVOKING Heroism.
 12648 | Lair:5   | Entered Level 5 of the Lair of Beasts
 12653 | Lair:5   | 12653 ||| STAIRDANCE
 12733 | Lair:5   | 12733 ||| INVOKING Heroism.
 12739 | Lair:5   | 12739 ||| SWAPPING to +0 flail.
 12756 | Lair:5   | 12756 ||| SWAPPING to +2 heavy war axe.
 12922 | Lair:5   | Reached skill level 14 in Axes
 12961 | Lair:5   | 12961 ||| INVOKING Heroism.
 12962 | Lair:5   | 12962 ||| INVOKING Finesse.
 12988 | Lair:5   | Identified the +8 tower shield of Jiewadi {+Inv rElec Int+5
                  | Stlth+} (Okawaru gifted it to you on level 5 of the Lair of
                  | Beasts)
 12988 | Lair:5   | Received a gift from Okawaru
 12992 | Lair:5   | 12992 ||| Stepping ~*~*~tactically~*~*~ (stealth).
 12993 | Lair:5   | 12993 ||| Stepping ~*~*~tactically~*~*~ (stealth).
 13000 | Lair:5   | 13000 ||| Stepping ~*~*~tactically~*~*~ (stealth).
 13097 | Lair:5   | 13097 ||| FLEEEEING.
 13098 | Lair:5   | 13098 ||| FLEEEEING.
 13099 | Lair:5   | 13099 ||| FLEEEEING.
 13100 | Lair:5   | 13100 ||| FLEEEEING.
 13101 | Lair:5   | 13101 ||| FLEEEEING.
 13102 | Lair:5   | 13102 ||| FLEEEEING.
 13103 | Lair:5   | 13103 ||| FLEEEEING.
 13108 | Lair:5   | 13108 ||| INVOKING Heroism.
 13109 | Lair:5   | 13109 ||| INVOKING Finesse.
 13113 | Lair:5   | 13113 ||| SWAPPING to +0 flail.
 13120 | Lair:5   | 13120 ||| SWAPPING to +2 heavy war axe.
 13174 | Lair:5   | Identified the +7 hand axe "Ogreslayer" {drain, rF+ rC+
                  | MP+9}
 13187 | Lair:5   | 13187 ||| INVOKING Heroism.
 13267 | Lair:5   | 13267 ||| Stepping ~*~*~tactically~*~*~ (stealth).
 13272 | Lair:5   | 13272 ||| INVOKING Heroism.
 13335 | Lair:5   | 13335 ||| INVOKING Heroism.
 13359 | Lair:5   | 13359 ||| Stepping ~*~*~tactically~*~*~ (stealth).
 13362 | Lair:5   | 13362 ||| Stepping ~*~*~tactically~*~*~ (stealth).
 13365 | Lair:5   | 13365 ||| Stepping ~*~*~tactically~*~*~ (stealth).
 13366 | Lair:5   | 13366 ||| Stepping ~*~*~tactically~*~*~ (stealth).
 13454 | Lair:5   | 13454 ||| Stepping ~*~*~tactically~*~*~ (hiding).
 13480 | Lair:5   | 13480 ||| INVOKING Heroism.
 13484 | Lair:5   | 13484 ||| Stepping ~*~*~tactically~*~*~ (hiding).
 13650 | Lair:5   | 13650 ||| Stepping ~*~*~tactically~*~*~ (hiding).
 13662 | Lair:5   | 13662 ||| INVOKING Heroism.
 13664 | Lair:5   | 13664 ||| Stepping ~*~*~tactically~*~*~ (cloud).
 13678 | Lair:5   | Gained mutation: Your large and strong wings let you fly.
                  | [Gargoyle growth]
 13678 | Lair:5   | Reached XP level 14. HP: 45/90 MP: 21/21
 13725 | Lair:5   | 13725 ||| INVOKING Heroism.
 13726 | Lair:5   | Found a large runed translucent door.
 13726 | Lair:5   | Found a large runed translucent door.
 13730 | Lair:5   | HP: 16/90 [molten gargoyle/+0 flail (8)]
 13730 | Lair:5   | HP: 5/90 [molten gargoyle/+0 flail (11)]
 13731 | Lair:5   | 13731 ||| READING scroll of teleportation.
 13731 | Lair:5   | Mangled by a molten gargoyle

Levels and vault maps discovered:
D:1:      roderic_crop_circles_arrival_small, layout_basic
D:2:      layout_basic
D:3:      layout_loops_ring, basic_ecumenical_altar, uniq_robin
D:4:      layout_loops_ring, nicolae_hepliaklqana_monster_ancestors,
          mainiacjoe_overflow_chevrons, gammafunk_temple_overflow_elements
D:5:      layout_cave_pods, marbit_many_paths, serial_shops,
          nicolae_shop_behind_doors
D:6:      layout_cave_pools, zin_academy, serial_park, serial_park_gazebo
          [serial_park_minivault_5x5_8], serial_park_square1
          [serial_park_minivault_5x5_8], serial_park_square2, serial_park_tiny_2
D:7:      layout_basic, nicolae_xom_altar_mimics,
          minmay_temple_entry_enclosed_plants, serial_bayou,
          serial_bayou_pond_a, serial_bayou_lagoon_a, serial_bayou_pond_d,
          serial_bayou_pond_a
D:8:      kennysheep_steamy, layout_layer_cave, lair_entry_dummy
Temple:   eino_temple_lava
Lair:1:   layout_cave_shapes, minivault_23, st_stairs_11,
          chequers_serial_rivers_room_b
Lair:2:   layout_regular_city, minmay_swamp_entry_reptiles,
          minmay_snake_entry_six_corridors, infiniplex_staircase_pool_2,
          grunt_megastairs_1
Lair:3:   layout_regular_city
Lair:4:   layout_hall_layers, nicolae_slime_entry_field_trip,
          gammafunk_ghost_wrathful_warriors, minmay_stone_trees_large
Lair:5:   cheibrodos_lair_end_hotspot, layout_layer_cave

Skill      XL: |  1  2  3  4  5  6  7  8  9 10 11 12 13 |
---------------+----------------------------------------+-----
Axes           | 2 3 4 5 7 8 9 11 13 14 | 14.8
Throwing       | 1 2 3 4 |  4.0
Fighting       | 4 5 6 7 8 9 10 11 | 11.1
Dodging        | 1 2 |  2.7
Armour         | 4 6 7 8 9 10 | 10.0
Shields        | 4 5 6 7 |  7.0
Invocations    | 4 5 9 10 | 10.1

Action                     |  1- 3 |  4- 6 |  7- 9 | 10-12 | 13-15 || total
---------------------------+-------+-------+-------+-------+-------++-------
  Melee: War axe           |   101 |    83 |   163 |   268 |   186 ||   801
         Flail             |       |       |       |    47 |    21 ||    68
  Throw: Javelin           |     9 |    25 |    43 |    49 |    12 ||   138
         Boomerang         |       |       |    43 |    43 |    38 ||   124
 Invoke: Heroism           |       |       |     6 |    22 |    12 ||    40
         Finesse           |       |       |       |     1 |     2 ||     3
    Use: Scroll            |     5 |     3 |     6 |     5 |     3 ||    22
         Potion            |       |     4 |     4 |     2 |     1 ||    11
 Armour: Scale mail        |    56 |    64 |     1 |       |       ||   121
         Chain mail        |       |       |    68 |       |       ||    68
         Plate armour      |       |       |    20 |   209 |   129 ||   358
  Dodge: Dodged            |    52 |    45 |   123 |   260 |   141 ||   621
  Block: Buckler           |    18 |    22 |    33 |    93 |    57 ||   223

Table legend:
 A = Non-vault XP
 B = Vault XP
 C = Vault XP percentage of total XP
 D = Non-vault monster count
 E = Vault monster count
 F = Vault count percentage of total count
                 A         B        C        D         E       F
            +---------+---------+-------+---------+---------+-------
      Total |   44640 |   10057 |  18.4 |     295 |      60 |  16.9
            +---------+---------+-------+---------+---------+-------
        D:1 |      42 |       0 |   0.0 |      24 |       0 |   0.0
        D:2 |      56 |       0 |   0.0 |      25 |       0 |   0.0
        D:3 |     205 |      31 |  13.1 |      18 |       9 |  33.3
        D:4 |     383 |       2 |   0.5 |      28 |       2 |   6.7
        D:5 |     430 |      37 |   7.9 |      21 |       1 |   4.5
        D:6 |     852 |       0 |   0.0 |      17 |       0 |   0.0
        D:7 |     543 |       0 |   0.0 |      13 |       0 |   0.0
        D:8 |    2873 |     380 |  11.7 |      28 |       2 |   6.7
     Lair:1 |    5384 |    1198 |  18.2 |      28 |       4 |  12.5
     Lair:2 |    2713 |    4910 |  64.4 |      13 |      23 |  63.9
     Lair:3 |    8464 |       0 |   0.0 |      24 |       0 |   0.0
     Lair:4 |    8052 |     173 |   2.1 |      20 |       4 |  16.7
     Lair:5 |   14643 |    3326 |  18.5 |      36 |      15 |  29.4
            +---------+---------+-------+---------+---------+-------
